 Dungeon Crawl Stone Soup version 0.25-a0-1133-g93ebf739aa (webtiles) character file.

Game seed: 8466748929772468841, levelgen mode: classic

2741 Amnesiac the Jinx (level 9, -1/50 HPs)
             Began as a Deep Elf Arcane Marksman on May 21, 2020.
             Was a Believer of Okawaru.
             Slain by a death yak (20 damage)
             ... on level 7 of the Dungeon.
             The game lasted 00:22:27 (7781 turns).

Amnesiac the Jinx (Deep Elf Arcane Marksman)        Turns: 7781, Time: 00:22:28

Health: -1/50      AC:  8    Str: 10    XL:     9   Next: 40%
Magic:  0/17       EV: 11    Int: 19    God:    Okawaru [**....]
Gold:   53         SH:  0    Dex: 15    Spells: 2/16 levels left

rFire    . . .     SeeInvis +   A - +2 lajatang (vamp)
rCold    . . .     Gourm    .   (shield currently unavailable)
rNeg     + . .     Faith    .   r - +0 ring mail
rPois    .         Spirit   +   k - +2 helmet
rElec    .         Reflect  .   (no cloak)
rCorr    .         Harm     .   (no gloves)
MR       .....                  (no boots)
Stlth    +.........             v - amulet of guardian spirit
HPRegen  0.16/turn              j - ring of positive energy
MPRegen  0.15/turn              o - ring of see invisible

@: confusing touch
A: no striking features
a: Heroism, Renounce Religion


You were on level 7 of the Dungeon.
You worshipped Okawaru.
Okawaru was pleased with you.
You were very hungry.

You visited 2 branches of the dungeon, and saw 9 of its levels.

You collected 359 gold pieces.
You spent 306 gold pieces at shops.

Inventory:

Hand Weapons
 a - a +0 shortbow
 b - a +2 short sword of venom
 n - a +5 spear
 u - a +0 halberd
 w - a +0 hand axe of flaming
 A - a +2 vampiric lajatang (weapon)
Missiles
 g - 47 sling bullets
 m - 143 stones (quivered)
 q - 98 arrows
Armour
 k - a +2 helmet (worn)
 r - a +0 ring mail (worn)
Jewellery
 j - a ring of positive energy (left hand)
 o - a ring of see invisible (right hand)
 v - an amulet of guardian spirit (around neck)
Wands
 d - a wand of digging (5)
 x - a wand of flame (13)
Scrolls
 c - 2 scrolls of identify {!r}
 h - 2 scrolls of remove curse {!r}
 p - 2 scrolls of magic mapping {!r}
 y - a scroll of immolation {!r, unknown}
 B - a scroll of enchant armour {!r}
Potions
 e - a potion of mutation {!q, unknown}
 i - a potion of brilliance {!q, unknown}
 l - a potion of magic {!q, unknown}
 s - 4 potions of heal wounds {!q}
 t - 2 potions of curing {!q}
 z - 2 potions of berserk rage {!q}
Comestibles
 f - 11 rations


   Skills:
 - Level 3.0 Fighting
 - Level 2.1 Staves
 - Level 8.0 Bows
 - Level 2.4 Dodging
 + Level 4.3 Spellcasting
 - Level 8.1 Hexes
 - Level 7.2 Invocations
 - Level 4.0 Evocations


You had 2 spell levels left.
You knew the following spells:

 Your Spells              Type           Power        Failure   Level  Hunger
a - Corona                Hex            ####...      1%          1    None
b - Cause Fear            Hex            ####......   12%         4    ####...
c - Leda's Liquefaction   Hex/Erth       ###.......   54%         4    ####...
e - Slow                  Hex            ####....     1%          2    #......
z - Confusing Touch       Hex            ####....     3%          3    ###....

Your spell library contained the following spells:

 Spells                   Type           Power        Failure   Level  Hunger
 Ensorcelled Hibernation  Hex/Ice        ###...       10%         2    #......
 Tukima's Dance           Hex            ####....     3%          3    ###....
 Dazzling Flash           Conj/Hex       ###...       21%         3    ###....
 Inner Flame              Hex/Fire       ###.....     21%         3    ###....
 Portal Projectile        Hex/Tloc       ###...       21%         3    ###....


Dungeon Overview and Level Annotations

Branches:
Dungeon (8/15)             Temple (1/1) D:4
   Lair: D:8-11

Altars:
Ashenzari
Cheibriados
Dithmenos
Elyvilon
Fedhas
Gozag
Hepliaklqana
Makhleb
Nemelex Xobeh
Okawaru
Qazlal
Ru
Sif Muna
Trog
Uskayaw
Vehumet
Xom
Zin
The Shining One

Shops:
D:5 (


Message History

The ogre barely misses you.
You catch the helpless ogre completely off-guard!
You slash the ogre!
You feel better.
You kill the ogre!
Okawaru accepts your kill.
Your Spellcasting skill increases to level 4!
You open the door.
A rat, a river rat, a quokka and a death yak come into view.
The death yak bellows!
The river rat moves out of view.
The rat moves out of view. 2 hell rats come into view.
The hell rat moves out of view.
There is an open door here.
There is a stone staircase leading up here.
You start waiting.
The death yak is too close now for your liking.
Casting: Confusing Touch (dangerous; 3% risk of failure)
Confirm with . or Enter, or press ? or * to list all spells.
Aiming: Slow (safe; 1% risk of failure)
Press: ? - help, Shift-Dir - straight line, f - death yak
Aim: a death yak (chance to defeat MR: 11%)
The death yak resists with almost no effort.
Casting: Slow (safe; 1% risk of failure)
Confirm with . or Enter, or press ? or * to list all spells.
Aiming: Slow (safe; 1% risk of failure)
Press: ? - help, Shift-Dir - straight line, f/p - death yak
Aim: a death yak (chance to defeat MR: 11%)
The death yak seems to slow down.
Casting: Slow (safe; 1% risk of failure)
Confirm with . or Enter, or press ? or * to list all spells.
Aiming: Slow (safe; 1% risk of failure)
Press: ? - help, Shift-Dir - straight line, f/p - death yak
Aim: a death yak (slow, chance to defeat MR: 11%)
The death yak resists with almost no effort.
There is a stone staircase leading up here.
You swing at nothing.
You climb upwards.
There is a stone staircase leading down here.
You hit the death yak.
The death yak is lightly wounded.
The death yak gores you.
You barely miss the death yak.
The death yak is lightly wounded.
The death yak gores you!
Quiver which item? (- for none, * to show all) (? for menu, Esc to quit)
Okay, then.
Evoke which item? (* to show all) (? for menu, Esc to quit)
Okay, then.
Okay, then.
Unknown command.
Casting: Slow (safe; 1% risk of failure)
Confirm with . or Enter, or press ? or * to list all spells.
Your hands begin to glow red.
You are feeling very hungry.
The death yak snorts and paws the ground.
You hit the death yak but do no damage.
The death yak is lightly wounded.
The death yak gores you!!
* * * LOW HITPOINT WARNING * * *
Unknown command.
You hit the death yak but do no damage.
The death yak is lightly wounded.
The death yak gores you!!
You die...

#.................###......####
#.................####......#.##
#..................##.=...#....##
#...............#........##.....#
................##....#..........
...............###....##...##..##
...........##.>##..#..#..........
......##....##..#).#.##.....)....
###.####.......Y@....##.....).<.#
##...##...................##....#
#.....##..................#######
.......#...........##.....###
..._...#.........#.##..##...#
.......##........###......####
#.....##......#......##..###.####
##...##.......###..#.##.........#
.#####......#.##.................


You could see a death yak (slow).

Vanquished Creatures
  Pikel (D:6)
  Prince Ribbit (D:6)
  4 slaves (D:6)
  A sky beast (D:6)
  2 orc warriors
  An ice beast (D:5)
  An ogre (D:8)
  A phantom (D:5)
  A centaur (D:7)
  A big kobold (D:8)
  A bullfrog (D:6)
  A gnoll sergeant (D:6)
  A scorpion (D:6)
  A howler monkey (D:6)
  4 crimson imps (D:3)
  A bullfrog zombie (D:7)
  2 centaur skeletons
  5 hounds
  2 jellies
  4 orc priests
  6 orc wizards
  A bullfrog skeleton (D:4)
  An iguana (D:7)
  4 worker ants
  A killer bee zombie (D:6)
  2 worker ant zombies
  9 gnolls
  7 adders
  3 oozes
  A worm (D:4)
  2 dart slugs
  5 leopard geckos
  21 orcs
  5 giant cockroaches
  8 hobgoblins
  3 jackals (D:3)
  13 kobolds
  4 quokkas
  8 bats
  3 frilled lizards
  2 goblins (D:1)
  A quokka skeleton (D:4)
  A quokka zombie (D:6)
  9 rats
156 creatures vanquished.

Vanquished Creatures (others)
  An orc priest (D:6)
1 creature vanquished.

Grand Total: 157 creatures vanquished

Notes
Turn   | Place    | Note
-------+----------+-------------------------------------------
     0 | D:1      | Amnesiac the Deep Elf Arcane Marksman began the quest for
                  | the Orb.
     0 | D:1      | Reached XP level 1. HP: 11/11 MP: 5/5
   157 | D:1      | Reached skill level 1 in Fighting
   201 | D:1      | Reached XP level 2. HP: 15/16 MP: 3/6
   211 | D:1      | Learned a level 2 spell: Slow
   832 | D:2      | Reached XP level 3. HP: 20/20 MP: 4/7
  1573 | D:3      | Reached XP level 4. HP: 6/25 MP: 1/8
  1700 | D:3      | Found a snail-covered altar of Cheibriados.
  1786 | D:3      | Reached skill level 5 in Bows
  1908 | D:3      | Found a shimmering altar of Xom.
  2076 | D:3      | Reached skill level 1 in Evocations
  2076 | D:3      | Reached XP level 5. HP: 6/29 MP: 2/9
  2233 | D:3      | Learned a level 4 spell: Leda's Liquefaction
  2694 | D:3      | Reached XP level 6. HP: 12/34 MP: 4/10
  3505 | D:4      | Found a blossoming altar of Fedhas.
  3757 | D:4      | Found a staircase to the Ecumenical Temple.
  3762 | Temple   | Entered the Ecumenical Temple
  3788 | Temple   | Became a worshipper of Warmaster Okawaru
  4051 | D:4      | Reached XP level 7. HP: 20/38 MP: 8/12
  4335 | D:5      | Entered Level 5 of the Dungeon
  4549 | D:5      | Reached skill level 5 in Hexes
  4765 | D:5      | Found Wisassos's Antique Weapon Shoppe.
  5193 | D:6      | Noticed Prince Ribbit
  5208 | D:6      | Killed Prince Ribbit
  5208 | D:6      | Reached * piety under Okawaru
  5208 | D:6      | Reached skill level 1 in Invocations
  5208 | D:6      | Reached XP level 8. HP: 24/46 MP: 10/13
  5711 | D:6      | Noticed Pikel
  5739 | D:6      | Killed Pikel
  5739 | D:6      | Reached ** piety under Okawaru
  6051 | D:6      | Reached XP level 9. HP: 44/50 MP: 13/15
  6116 | D:6      | Found a sacrificial altar of Ru.
  6357 | D:6      | Found a radiant altar of Vehumet.
  6706 | D:6      | Learned a level 4 spell: Cause Fear
  6870 | D:7      | Found a sparkling altar of Nemelex Xobeh.
  6983 | D:5      | Bought a glowing lajatang for 306 gold pieces
  7268 | D:7      | Found a shattered altar of Ashenzari.
  7276 | D:7      | Reached skill level 1 in Staves
  7484 | D:7      | Found a glowing silver altar of Zin.
  7639 | D:8      | Learned a level 3 spell: Confusing Touch
  7738 | D:8      | Noticed a death yak
  7781 | D:7      | Slain by a death yak

Illustrated notes

Levels and vault maps discovered:
D:1:      lightli_arrival_maybe_door_vault, layout_basic
D:2:      layout_loops_ring, chequers_serial_rivers_micro_b
D:3:      layout_loops_cross, led_xom_imps, lemuel_crystal_altar, first_ration,
          gup_sewer_entry_bowl, minmay_misc_feat_iff
D:4:      layout_basic, kennysheep_mini, minmay_temple_entry_nine_rooms
D:5:      layout_rooms, serial_shops, nicolae_shop_behind_doors
D:6:      layout_basic, vehumet_altar_wand_db,
          nicolae_ru_great_annihilating_truth, uniq_pikel, uniq_prince_ribbit1
D:7:      layout_cave_pools, lemuel_round_altar,
          nemelex_xobeh_ov_fountains_minmay, overflow_temple_1_default
D:8:      layout_gridville, minitemple, dpeg_lair_monsters,
          gammafunk_ghost_smash, grunt_ogre_cave
Temple:   minmay_temple_bridge_abc

Skill      XL: |  1  2  3  4  5  6  7  8  9 |
---------------+----------------------------+-----
Fighting       | 1 3 |  3.0
Bows           | 3 4 5 6 8 |  8.0
Evocations     | 1 3 4 |  4.0
Hexes          | 5 7 8 |  8.1
Invocations    | 1 6 7 |  7.2
Staves         | 2 |  2.1
Spellcasting   | 4 |  4.3
Dodging        | |  2.4

Action                   |  1- 3 |  4- 6 |  7- 9 || total
-------------------------+-------+-------+-------++-------
Melee: Unarmed           |     2 |       |       ||     2
       Short sword       |     1 |   103 |   260 ||   364
       Halberd           |       |       |     7 ||     7
       Lajatang          |       |       |    89 ||    89
       Spear             |       |       |     4 ||     4
 Fire: Shortbow          |   127 |    50 |     3 ||   180
Throw: Stone             |     4 |     2 |       ||     6
 Cast: Corona            |    41 |    41 |    37 ||   119
       Slow              |     2 |    31 |    49 ||    82
       Confusing Touch   |       |       |     3 ||     3
       Cause Fear        |       |       |     1 ||     1
Evoke: Wand              |       |    10 |     2 ||    12
  Use: Potion            |     2 |       |       ||     2
       Scroll            |       |     6 |     4 ||    10
 Stab: Sleeping          |       |     1 |       ||     1
       Confused          |       |       |     3 ||     3
  Eat: Chunk             |     3 |    11 |    13 ||    27
       Ration            |       |       |     1 ||     1
Armor: Robe              |    17 |    12 |       ||    29
       Ring mail         |       |     4 |   132 ||   136
Dodge: Dodged            |    60 |    67 |   189 ||   316

Table legend:
 A = Non-vault XP
 B = Vault XP
 C = Vault XP percentage of total XP
 D = Non-vault monster count
 E = Vault monster count
 F = Vault count percentage of total count
                 A         B        C        D         E       F
            +---------+---------+-------+---------+---------+-------
      Total |    2744 |    1173 |  29.9 |     138 |      14 |   9.2
            +---------+---------+-------+---------+---------+-------
        D:1 |      34 |       0 |   0.0 |      17 |       0 |   0.0
        D:2 |      31 |       0 |   0.0 |      15 |       0 |   0.0
        D:3 |     185 |     202 |  52.2 |      30 |       7 |  18.9
        D:4 |     377 |       0 |   0.0 |      19 |       0 |   0.0
        D:5 |     430 |       0 |   0.0 |      13 |       0 |   0.0
        D:6 |     778 |     971 |  55.5 |      17 |       7 |  29.2
        D:7 |     571 |       0 |   0.0 |      15 |       0 |   0.0
        D:8 |     338 |       0 |   0.0 |      12 |       0 |   0.0
            +---------+---------+-------+---------+---------+-------
